AoeStats
← a2b3-jano

Black Forest

509508861Analyzed
4v4 RM · 7d ago on Sep 27, 2026· 71m 13s· 8 players
Game mode
Random Map
Map size
Large (8 player)
Population
200
Speed
Normal
Resources
Standard
Victory
Conquest
Starting age
Dark Age
Ending age
Imperial Age
RankedLock teamsTeams togetherTeam positionsShared explorationLock speedFull tech treeHidden civsTurbo modeCheats
Victory
Defeat
🇨🇳 Persians · China
961
+12
🇧🇷 Wu · Brazil
937
+13
🇨🇦 Teutons · Canada
866
+16
🇺🇸 Franks · United States
829
+18
🇹🇼 Wei · Taiwan
971
-18
🇵🇪 Teutons · Peru
882
-15
🇵🇪 Franks · Peru
851
-14
🇵🇪 Vietnamese · Peru
796
-12
aelenon
0:37 Loom
13:21 Feudal Age
15:05 Double-Bit Axe
17:31 Castle Age
15:35 Horse Collar
16:15 Stone Mining
27:54 Wheelbarrow
29:09 Hand Cart
30:16 Caravan
34:24 Imperial Age
33:29 Ballistics
34:31 Forging
34:22 Scale Mail Armor
34:13 Fletching
35:28 Bow Saw
36:43 Chemistry
35:50 Siege Engineers
35:14 Pikeman
35:55 Squires
36:49 Iron Casting
36:40 Conscription
37:31 Heavy Plow
37:08 Halberdier
37:35 Arson
38:44 Crenellations
38:48 Ironclad
38:49 Masonry
42:03 Blast Furnace
41:19 Chain Mail Armor
47:04 Elite Teutonic Knight
48:59 Plate Mail Armor
48:25 Bodkin Arrow
59:33 Heavy Scorpion
Lost My Scout
0:33 Loom
15:48 Feudal Age
16:15 Double-Bit Axe
16:25 Stone Mining
16:32 Gold Mining
16:55 Arson
22:52 Castle Age
22:01 Scale Mail Armor
21:52 Fletching
22:09 Scale Barding Armor
22:15 Forging
24:06 Bow Saw
24:34 Gold Shaft Mining
25:13 Wheelbarrow
24:24 Town Watch
27:48 Hand Cart
30:33 Town Patrol
32:06 Caravan
34:46 Imperial Age
31:59 Treadmill Crane
32:18 Murder Holes
32:52 Fervor
32:38 Herbal Medicine
32:45 Devotion
33:43 Bodkin Arrow
34:09 Chain Barding Armor
34:04 Chain Mail Armor
35:02 Iron Casting
34:39 Masonry
36:29 Chemistry
35:50 Ballistics
35:56 Conscription
35:42 Squires
35:07 Pikeman
36:47 Light Cavalry
37:28 Husbandry
36:49 Cavalier
38:21 Paladin
39:40 Hoardings
41:22 Arrowslits
42:08 Architecture
42:19 Plate Barding Armor
43:04 Blast Furnace
42:47 Plate Mail Armor
42:54 Chivalry
47:15 Halberdier
49:05 Fortified Wall
49:02 Siege Engineers
[FNZ] F3RNZ
13:02 Feudal Age
19:12 Castle Age
22:05 Double-Bit Axe
27:23 Loom
30:59 Fletching
34:58 Imperial Age
33:08 Caravan
33:32 Gold Mining
33:54 Bow Saw
33:56 Bodkin Arrow
34:41 Padded Archer Armor
34:31 Town Watch
36:01 Ballistics
36:42 Chemistry
36:44 Conscription
38:07 Treadmill Crane
38:30 Bracer
37:53 Elite Fire Archer
39:57 Two-Man Saw
40:05 Sitting Tiger
40:06 Red Cliffs Tactics
40:19 Masonry
40:05 Murder Holes
40:46 Leather Archer Armor
40:32 Scale Mail Armor
41:48 Forging
41:46 Scale Barding Armor
42:14 Architecture
46:07 Iron Casting
45:48 Chain Mail Armor
45:53 Chain Barding Armor
45:01 Heavy Scorpion
49:07 Wheelbarrow
55:23 Onager
57:45 Pikeman
58:25 Squires
58:11 Arson
65:04 Halberdier
69:37 Coinage
69:17 Guilds
69:29 Hand Cart
69:14 Town Patrol
69:24 Guard Tower
70:36 Blast Furnace
70:07 Plate Mail Armor
70:18 Plate Barding Armor
70:20 Horse Collar
子薄
5:47 Loom
10:52 Feudal Age
11:53 Double-Bit Axe
14:44 Castle Age
16:46 Bow Saw
19:24 Horse Collar
24:57 Wheelbarrow
26:45 Gold Mining
26:45 Stone Mining
26:55 Stone Mining
27:44 Hand Cart
28:16 Gold Shaft Mining
28:17 Stone Shaft Mining
30:01 Heavy Plow
32:55 Imperial Age
34:11 Two-Man Saw
34:17 Chemistry
33:50 Conscription
34:07 Elite War Elephant
35:37 Crop Rotation
37:04 Scale Barding Armor
37:09 Forging
39:19 Chain Barding Armor
39:42 Iron Casting
43:59 Blast Furnace
43:34 Plate Barding Armor
43:03 Husbandry
43:15 Bloodlines
45:26 Caravan
Iskander
1:42 Loom
10:46 Feudal Age
15:49 Castle Age
14:09 Double-Bit Axe
14:06 Horse Collar
17:09 Wheelbarrow
20:37 Bow Saw
20:35 Heavy Plow
22:20 Gold Mining
22:51 Stone Mining
30:37 Imperial Age
27:56 Town Watch
28:58 Stone Shaft Mining
28:35 Forging
28:26 Scale Mail Armor
29:19 Hand Cart
30:16 Iron Casting
30:21 Chain Mail Armor
30:40 Ballistics
31:00 Caravan
31:30 Coinage
31:36 Coinage
31:14 Town Patrol
32:03 Crop Rotation
32:42 Chemistry
32:30 Guilds
33:37 Banking
34:34 Blast Furnace
34:05 Plate Mail Armor
34:07 Conscription
33:15 Capped Ram
34:08 Siege Engineers
34:39 Plate Mail Armor
36:32 Two-Man Saw
34:59 Elite Teutonic Knight
35:43 Arson
35:59 Squires
36:05 Gambesons
35:41 Man-at-Arms
37:00 Pikeman
38:04 Onager
39:19 Ironclad
40:10 Halberdier
44:47 Hoardings
51:02 Siege Onager
54:22 Heavy Scorpion
58:00 Fletching
a2b3-jano
2:44 Loom
13:13 Feudal Age
14:19 Double-Bit Axe
16:32 Horse Collar
20:20 Wheelbarrow
34:59 Castle Age
33:37 Bloodlines
34:29 Town Watch
34:49 Gold Mining
35:44 Stone Mining
36:07 Bow Saw
36:42 Heavy Plow
40:01 Thumb Ring
42:31 Imperial Age
40:16 Hand Cart
40:51 Ballistics
40:52 Fletching
41:04 Padded Archer Armor
42:30 Bodkin Arrow
42:51 Leather Archer Armor
45:15 Two-Man Saw
44:48 Paper Money
45:52 Chemistry
48:02 Light Cavalry
48:49 Bracer
51:18 Forging
51:15 Scale Barding Armor
53:35 Elite Rattan Archer
60:48 Husbandry
61:00 Caravan
61:29 Hand Cart
62:19 Crop Rotation
62:27 Ring Archer Armor
69:48 Pikeman
Jacopsonn
11:55 Feudal Age
16:10 Castle Age
25:48 Double-Bit Axe
29:35 Bow Saw
30:34 Scale Barding Armor
30:39 Forging
30:34 Husbandry
31:28 Wheelbarrow
30:38 Loom
32:27 Chain Barding Armor
32:42 Iron Casting
32:44 Hand Cart
32:23 Gold Mining
32:25 Stone Mining
33:45 Caravan
34:38 Murder Holes
35:07 Ballistics
38:24 Imperial Age
36:37 Masonry
38:12 Gold Shaft Mining
37:37 Treadmill Crane
38:28 Cavalier
39:47 Plate Barding Armor
40:12 Blast Furnace
39:45 Architecture
40:17 Chemistry
39:52 Conscription
40:27 Paladin
46:23 Light Cavalry
53:23 Chivalry
63:07 Elite Throwing Axeman
67:41 Scale Mail Armor
hamelnkai
0:41 Loom
14:21 Feudal Age
16:24 Horse Collar
16:32 Town Watch
20:15 Castle Age
18:17 Double-Bit Axe
18:24 Stone Mining
18:49 Gold Mining
21:14 Town Patrol
21:20 Heavy Plow
21:36 Fletching
24:13 Treadmill Crane
29:37 Bow Saw
30:04 Gold Shaft Mining
31:26 Wheelbarrow
31:23 Bodkin Arrow
34:53 Imperial Age
32:50 Scale Barding Armor
32:57 Forging
33:05 Bloodlines
32:55 Husbandry
34:04 Chain Barding Armor
33:12 Light Cavalry
34:10 Fortified Wall
33:56 Murder Holes
34:13 Masonry
34:32 Ballistics
34:58 Iron Casting
34:38 Tuntian
35:20 Hand Cart
34:42 Pikeman
35:31 Squires
35:17 Arson
35:14 Heavy Hei Guang Cavalry
36:36 Conscription
37:15 Ming Guang Armor
37:35 Caravan
38:39 Blast Furnace
39:32 Crop Rotation
38:54 Hussar
41:33 Hoardings
41:18 Bracer
43:29 Halberdier
43:30 Man-at-Arms
44:55 Scale Mail Armor
44:45 Long Swordsman
45:45 Two-Handed Swordsman
45:52 Two-Handed Swordsman
47:17 Chain Mail Armor
50:27 Chemistry
49:20 Heated Shot
52:04 Onager
Connection lost

Rejoining the realm…

Still unreachable

The connection could not be restored.

Session expired

The server has moved on; the page needs a fresh start.